Map: Orbital Shipyard

Players

IIIIIIIIIIII - Winner!

  • Race: Terran Terran
  • League: Diamond

GreatTeacher

  • Race: Terran Terran
  • League: Diamond

VOD

Have the link to the VOD?

Description

Time

  • Played on: Oct. 7, 2015, 4:52 p.m.
  • Length: 4:19
Show
View Real Time Build Order
Export as new Build Order

IIIIIIIIIIII Terran - Winner!

Build Orders:  

Get SALT Encoding   

  12  0:09  Supply Depot  
  12  0:18  Refinery  
  12  0:36  Barracks  
  12  0:54  Barracks  
  12  1:00  SCV  
  13  1:12  SCV  
  14  1:24  Reaper  
  15  1:33  Orbital Command  
  15  1:41  Reaper  
  16  1:56  Reaper  
  16  1:57  Supply Depot  
  17  2:13  Reaper  
  17  2:15  Bunker  
  17  2:28  Reaper  
  18  2:34  SCV  
  19  2:45  Reaper  
  20  2:56  SCV  
  21  3:00  Reaper  
  22  3:05  Command Center  
  22  3:18  Reaper  
  22  3:32  Reaper  
  22  3:43  SCV  
  24  3:59  Command Center  
Show
View Real Time Build Order
Export as new Build Order

GreatTeacher Terran 

Build Orders:  

Get SALT Encoding   

  12  0:01  SCV  
  13  0:13  SCV  
  14  0:18  Supply Depot  
  14  0:25  SCV  
  15  0:28  Refinery  
  15  0:40  SCV  
  16  0:45  Barracks  
  16  0:52  SCV  
  17  1:04  SCV  
  18  1:16  SCV  
  19  1:32  Orbital Command  
  19  1:33  Marine  
  19  1:34  Factory  
  20  1:45  Supply Depot  
  20  1:54  Marine  
  20  1:58  SCV  
  21  2:12  SCV, Marine  
  22  2:24  SCV  
  22  2:27  Hellion  
  24  2:30  Marine  
  24  2:36  SCV  
  22  2:48  SCV, Marine  
  23  2:59  Hellion  
  23  3:00  SCV  
  25  3:12  SCV  
  23  3:21  Hellion  
  23  3:24  SCV  
  26  3:31  Command Center  
  20  3:35  Marine  
  20  3:39  SCV  
  20  3:56  SCV, Hellion, Marine  
Tags
 
Add a new tag
Caveats
  • Supply blocks, unpowered buildings, or Contaminate may cause inaccurate times.
  • Supply counts are checked every 10 seconds.